 Dungeon Crawl Stone Soup version 0.29.1-15-g9cfb28693d (webtiles) character file.

Game seed: 10068843957380269271

82948 croobank the Thaumaturge (level 15, -9/115 HPs)
             Began as a Gnoll Conjurer on May 2, 2023.
             Was the Champion of Jiyva.
             Shot with an arrow by Nessos (24 damage)
             ... on level 13 of the Dungeon.
             The game lasted 01:29:20 (17123 turns).

croobank the Thaumaturge (Gnoll Conjurer)          Turns: 17123, Time: 01:29:21

Health: -9/115     AC:  6    Str:  6    XL:     15   Next: 31%
Magic:  20/39      EV: 18    Int: 24    God:    Jiyva [******]
Gold:   1113       SH: 12    Dex: 19    Spells: 12/36 levels left

rFire   . . .      SeeInvis +   a - +2 dagger (protect)
rCold   + + .      Faith    .   d - +0 kite shield
rNeg    . . .      Spirit   .   F - +1 leather armour "Natituadd" {Harm rC+ Will+ MP+9}
rPois   .          Reflect  .   (helmet restricted)
rElec   .          Harm     +   u - +0 cloak
rCorr   +          Rampage  .   (no gloves)
Will    ++...                   (no boots)
Stlth   ++++++....              j - amulet of regeneration
HPRegen 2.69/turn               r - ring "Seucs" {Ice Int+3}
MPRegen 0.76/turn               s - ring of wizardry

@: lethally poisoned (-9 -> -10), marked, studying Transmutations, invisible
A: fangs 1, strong nose, distributed training, hooves 1, horns 1, agile 2, fire
resistance 1, eyeballs 3, gelatinous body 1, pseudopods 3, translucent skin 1,
tendrils, jelly sensing items, engulf
}: 1/15 runes: slimy
a: Renounce Religion, Oozemancy, Slimify


You were on level 13 of the Dungeon.
You worshipped Jiyva.
Jiyva was exalted by your worship.
You visited 3 branches of the dungeon, and saw 23 of its levels.
You also visited: Sewer and Bailey.

You collected 1281 gold pieces.
You spent 168 gold pieces at shops.

Inventory:

Hand Weapons
 a - a +2 dagger of protection (weapon)
 A - a +4 rapier
 C - a +2 dagger of holy wrath
 I - a +3 vorpal war axe
 M - a +4 broad axe of flaming
 R - the +6 shillelagh "Devastator" {shatter}
   (You found it on level 6 of the Dungeon)

   It releases a powerful concussive burst when it strikes, dealing extra damage
   to the target and all other foes adjacent to them.
Missiles
 e - a throwing net
 f - 3 boomerangs of dispersal
 k - 21 boomerangs
 D - 4 javelins
 T - 4 datura-tipped darts
Armour
 d - a +0 kite shield (worn)
 u - a +0 cloak (worn)
 B - a +3 leather armour of poison resistance
 F - the +1 leather armour "Natituadd" (worn) {Harm rC+ Will+ MP+9}
   (You found it on level 5 of the Dungeon)

   rC:        It protects you from cold.
   MP:        It affects your magic capacity (+9).
   Harm:      It increases damage dealt and taken.
   Will:      It increases your willpower.
 L - a +0 pair of boots of rampaging
 N - +0 acid dragon scales
 P - a +2 robe of fire resistance
 Q - a +0 troll leather armour
 V - the +0 leather armour "Xiptorgh" {+Inv}
   (You found it on level 9 of the Dungeon)

   +Inv:      It lets you turn invisible.
 W - the +1 leather armour of the Marlin {Rampage Dex+2}
   (You found it on level 5 of the Lair of Beasts)

   Dex:       It affects your dexterity (+2).
   Rampage:   It bestows one free step when moving towards enemies.
 X - a +4 ring mail
Magical Staves
 h - a staff of death
Jewellery
 j - an amulet of regeneration (around neck)
 r - the ring "Seucs" (left hand) {Ice Int+3}
   (You found it on level 2 of the Dungeon)

   [ring of ice]

   It enhances your ice magic.
   Int:       It affects your intelligence (+3).
   rF:        It makes you vulnerable to fire.
   rC:        It protects you from cold.
 s - a ring of wizardry (right hand)
 O - an amulet of the acrobat
Wands
 g - a wand of quicksilver (8)
 l - a wand of roots (2)
 n - a wand of digging (20)
 y - a wand of flame (12)
 Y - a wand of polymorph (15)
 Z - a wand of paralysis (4)
Scrolls
 o - a scroll of torment
 p - 3 scrolls of fear
 q - 6 scrolls of teleportation
 v - a scroll of amnesia
 H - a scroll of summoning
 J - 2 scrolls of vulnerability
Potions
 b - a potion of berserk rage
 c - 3 potions of lignification
 i - a potion of resistance
 m - a potion of attraction
 w - a potion of ambrosia
 x - a potion of brilliance
 z - 9 potions of curing
 G - 7 potions of flight
 K - a potion of might
 S - a potion of magic
Miscellaneous
 E - a phial of floods


   Skills:
 + Level 10.1 Fighting
 + Level 10.1 Short Blades
 + Level 10.1 Long Blades
 + Level 10.1 Axes
 + Level 10.1 Maces & Flails
 + Level 10.1 Polearms
 + Level 10.1 Staves
 + Level 10.1 Ranged Weapons
 + Level 10.1 Throwing
 + Level 10.1 Armour
 + Level 11.1 Dodging
 + Level 11.0 Stealth
 + Level 10.1 Shields
 + Level 10.1 Unarmed Combat
 + Level 11.3 Spellcasting
 + Level 11.1 Conjurations
 + Level 8.5 Hexes
 + Level 8.5 Summonings
 + Level 8.5 Necromancy
 + Level 8.5 Translocations
 + Level 9.0 Transmutations
 + Level 8.5 Fire Magic
 + Level 8.5 Ice Magic
 + Level 8.5 Air Magic
 + Level 8.5 Earth Magic
 + Level 8.5 Poison Magic
 + Level 11.0 Invocations
 + Level 10.1 Evocations


You had 12 spell levels left.
You knew the following spells:

 Your Spells              Type           Power      Damage    Failure   Level
a - Magic Dart            Conj           100%       1d8       1%          1
b - Searing Ray           Conj           100%       2d8       1%          2
c - Dazzling Flash        Conj/Hex       100%       N/A       1%          3
d - Iskenderun's Mystic   Conj/Tloc      57%        2d12      1%          4
e - Fulminant Prism       Conj/Hex       28%        3d14      1%          4
f - Fireball              Conj/Fire      28%        3d12      3%          5
g - Irradiate             Conj/Tmut      29%        3d21      2%          5

Your spell library contained the following spells:

 Spells                   Type           Power      Damage    Failure   Level
 Apportation              Tloc           100%       N/A       1%          1
 Necrotise                Necr           100%       1d9       1%          1
 Summon Small Mammal      Summ           100%       N/A       1%          1
 Static Discharge         Conj/Air       57%        3-11/arc  1%          2
 Sublimation of Blood     Necr           53%        N/A       1%          2
 Gell's Gravitas          Tloc           53%        N/A       1%          3
 Portal Projectile        Hex/Tloc       100%       N/A       1%          3
 Teleport Other           Tloc           53%        N/A       1%          3
 Corpse Rot               Necr/Pois/Air  53%        N/A       1%          4
 Dispel Undead            Necr           53%        3d19      1%          4
 Hailstorm                Conj/Ice       74%        3d15      1%          4
 Ice Form                 Ice/Tmut       70%        N/A       1%          4
 Petrify                  Tmut/Erth      54%        N/A       1%          4
 Starburst                Conj/Fire      28%        6d9       16%         6
 Death Channel            Necr           26%        N/A       26%         6
 Dispersal                Tloc           26%        N/A       26%         6
 Simulacrum               Ice/Necr       34%        N/A       26%         6
 Ignition                 Fire           26%        3d9       100%        8
 Chain Lightning          Conj/Air       28%        3d38      100%        9
 Fire Storm               Conj/Fire      28%        8d7       100%        9
 Shatter                  Erth           26%        3d22*     100%        9


Dungeon Overview and Level Annotations

Branches:
Dungeon (13/15)            Temple (0/1) D:5            Lair (5/5) D:8
 Shoals (0/4) Lair:2        Snake (0/4) Lair:3        Slime (5/5) Lair:4
    Orc (0/2) D:12          Sewer (visited)          Bailey (visited)
 Vaults: D:13-14

Altars:
Ashenzari
Cheibriados
Elyvilon
Hepliaklqana
Kikubaaqudgha
Nemelex Xobeh
Qazlal
Sif Muna
Vehumet
Wu Jian
Xom
Yredelemnul
The Shining One
Jiyva

Shops:
D:4 !

Annotations:
D:2 1 runed translucent door, Crazy Yiuf
D:7 3 runed translucent doors, mkat's ghost, novice DrGl
D:11 !wizard near ice cave
D:13 Nessos
Lair:4 exclusion: ice statue
Slime:5 Royal Jelly


Innate Abilities, Weirdness & Mutations

You have very sharp teeth.
Your uncanny sense of smell can sniff out nearby items.
Your experience applies equally to all skills.
You have large cloven feet.
You have a pair of small horns on your head.
You are very agile. (Dex +8, Str/Int -2)
Your flesh is heat resistant. (rF+)
Your body is covered in eyes which may confuse attackers. (Acc +7, SInv)
Your rubbery body absorbs attacks. (AC +1, EV +1)
Armour fits poorly on your massive pseudopods.
Your translucent skin slightly reduces your foes' accuracy. (Stealth+)
You are covered in slimy tendrils that may disarm your opponents.
You have a small jelly attached to you that senses nearby items.
Your melee attacks may engulf your foes in ooze.


Message History

You hear a distant slurping noise.
Nessos shoots an arrow.
You block the arrow.
Nessos shoots an arrow.
The arrow hits you!! The arrow burns you.
You are poisoned.
Nessos shoots an arrow.
You block the arrow.
You feel very sick.
The tengu conjurer gestures at you while chanting.
The bolt of lightning hits you!
Casting: Iskenderun's Mystic Blast (mildly dangerous; 1% risk of failure)
Confirm with . or Enter, or press ? or * to list all spells.
Aiming: Fireball (dangerous; 3% risk of failure)
Press: ? - help, Shift-Dir - straight line, f - tengu conjurer
Aim: a tengu conjurer, wearing a +0 robe The fireball explodes!
The fireball engulfs the tengu conjurer!
The tengu conjurer is moderately wounded.
The fireball engulfs the cyan ugly thing!!
You kill the cyan ugly thing!
You feel very sick.
Okay, then.
Unknown command.
You fade into invisibility!
You feel very sick.
Nessos shoots an arrow.
The arrow closely misses the tengu conjurer.
You block the arrow. The basilisk gazes at you.
The tengu conjurer resists with significant effort.
The tengu conjurer casts a spell at you.
The bolt of lightning hits you!!
* * * LOW HITPOINT WARNING * * *
You shudder from the blast and a jelly pops out!
Nessos shoots an arrow.
The arrow hits the tengu conjurer!
The arrow burns the tengu conjurer.
The tengu conjurer dies!
A six-headed hydra comes into view.
Okay, then.
You feel very sick.
Nessos shoots an arrow.
The arrow hits you!!
You die...

........#
##...............
........#
#............)...
....[.[##
##........c.......
#......#
#.....cl..l.......
###....#
#......D.........#
#...##
##...##[##.....#...
##..##
#....#8.8#.....#...
#...#
#....#..J#....## ..
#<..#
#....#.@.#....#
.....#
#.####...####..#
#...##
###8.......8##...
##..# #._.(_....#
#.. ##..
#8.......8# #..#
#.........# ##..
#.........# .D#
#8_.._.._8#
#.8.8.8.8.#


You could see Nessos (fast, unable to see you), a six-headed hydra (unable to
see you), a basilisk (unable to see you, ally target) and a friendly rockslime
(summoned).

Vanquished Creatures
  8 hydras
  A boulder beetle (Lair:1)
  A centaur warrior (D:12)
  A catoblepas (Lair:5)
  3 two-headed ogres
  A deep troll shaman (Lair:5)
  12 death yaks
  A wizard (D:11)
  5 ugly things
  2 cyclopes (D:12)
  4 black mambas
  13 elephants
  Maurice (D:13)
  Maggie (D:6)
  7 cane toads
  6 komodo dragons
  2 ice devils (D:11)
  4 polar bears
  A troll (D:12)
  A hornet (Lair:3)
  10 blink frogs
  Sigmund (D:4)
  50 yaks
  2 wraiths (D:12)
  6 wyverns
  A basilisk (Lair:5)
  Eustachio (D:4)
  Menkaure (D:7)
  A steam dragon (D:6)
  3 nagas (Lair:3)
  Edmund (D:4)
  An acid dragon (D:12)
  11 water moccasins
  16 orc warriors
  6 ice beasts
  A sky beast (D:6)
  A black bear (D:7)
  8 ogres
  36 wolves
  3 centaurs
  A phantom (D:5)
  10 kobold brigands
  10 bullfrogs
  4 gnoll sergeants (D:6)
  A scorpion (D:7)
  6 wights
  3 electric eels
  8 howler monkeys
  A crimson imp (D:11)
  A jelly (Bailey)
  12 orc priests
  A gnoll bouda (D:9)
  10 hounds
  3 iguanas
  15 orc wizards
  A merfolk siren (Sewer)
  Robin (D:2)
  18 gnolls
  3 river rats (Sewer)
  5 adders
  A shadow imp (D:5)
  A white imp (Lair:4)
  2 ufetubi
  2 worms
  A dart slug (D:2)
  42 orcs
  3 ball pythons
  3 bats
  2 endoplasms (D:1)
  3 giant cockroaches
  17 goblins
  5 hobgoblins
  3 jackals (D:1)
  2 quokkas
  5 frilled lizards
  36 kobolds
  30 rats
  A bush (Lair:5)
508 creatures vanquished.

Vanquished Creatures (collateral kills)
  4 death yaks
  A cane toad (Lair:1)
  4 komodo dragons
  A yak (Lair:3)
  7 wolves (Lair:1)
  A centaur (D:7)
18 creatures vanquished.

Vanquished Creatures (others)
  A cyclops (D:8)
  An unseen horror (D:13)
  2 tengu conjurers
  A naga (shapeshifter) (D:13)
  2 water moccasins
  An orc warrior (D:6)
  2 ogres (D:6)
  2 wolves (Lair:1)
  A scorpion (D:3)
  2 howler monkeys
  36 jellies
  2 hounds
  Jessica (D:2)
  2 orc wizards (D:6)
  A merfolk avatar (Sewer)
  4 adders
  A white imp (D:7)
  An ufetubus (D:5)
  2 worms (D:2)
  11 orcs
  6 ball pythons
  A bat (D:2)
  3 endoplasms
  7 goblins
  A hobgoblin (D:3)
  A quokka (D:5)
  5 frilled lizards
  2 kobolds
  4 rats
  19 fulminant prisms
  43 fungi
  67 plants
235 creatures vanquished.

Grand Total: 761 creatures vanquished

Notes
Turn   | Place    | Note
-------+----------+-------------------------------------------
     0 | D:1      | croobank the Gnoll Conjurer began the quest for the Orb.
     0 | D:1      | Reached XP level 1. HP: 13/13 MP: 6/6
   146 | D:1      | Reached XP level 2. HP: 19/19 MP: 4/7
   149 | D:1      | Learned a level 2 spell: Searing Ray
   209 | D:1      | Found a faded altar of an unknown god.
   215 | D:1      | Prayed at the altar of an unknown god.
   215 | D:1      | Became a worshipper of Jiyva Juqan the Shapeless
   215 | D:1      | Reached * piety under Jiyva
   517 | D:2      | Reached skill level 5 in Spellcasting
   517 | D:2      | Reached XP level 3. HP: 25/25 MP: 1/9
   521 | D:2      | Learned a level 3 spell: Dazzling Flash
   555 | D:2      | Noticed Robin
   559 | D:2      | Killed Robin
   560 | D:2      | Reached skill level 1 in Invocations
   616 | D:2      | Reached skill level 1 in Fighting
   616 | D:2      | Reached skill level 1 in Short Blades
   616 | D:2      | Reached skill level 1 in Long Blades
   616 | D:2      | Reached skill level 1 in Axes
   616 | D:2      | Reached skill level 1 in Maces & Flails
   616 | D:2      | Reached skill level 1 in Polearms
   616 | D:2      | Reached skill level 1 in Staves
   616 | D:2      | Reached skill level 1 in Ranged Weapons
   616 | D:2      | Reached skill level 1 in Throwing
   616 | D:2      | Reached skill level 1 in Armour
   616 | D:2      | Reached skill level 1 in Shields
   616 | D:2      | Reached skill level 1 in Unarmed Combat
   616 | D:2      | Reached skill level 1 in Evocations
   760 | D:2      | Reached XP level 4. HP: 32/32 MP: 9/11
   783 | D:2      | Identified the ring "Seucs" {Ice Int+3}
   841 | D:2      | Reached ** piety under Jiyva
   961 | D:2      | Killed Jessica
  1051 | D:2      | Reached skill level 1 in Hexes
  1051 | D:2      | Reached skill level 1 in Summonings
  1051 | D:2      | Reached skill level 1 in Necromancy
  1051 | D:2      | Reached skill level 1 in Translocations
  1051 | D:2      | Reached skill level 1 in Transmutations
  1051 | D:2      | Reached skill level 1 in Fire Magic
  1051 | D:2      | Reached skill level 1 in Ice Magic
  1051 | D:2      | Reached skill level 1 in Air Magic
  1051 | D:2      | Reached skill level 1 in Earth Magic
  1051 | D:2      | Reached skill level 1 in Poison Magic
  1203 | D:2      | Found a broken altar of Ashenzari.
  1234 | D:2      | Found a runed translucent door.
  1237 | D:2      | Noticed Crazy Yiuf
  1729 | D:3      | Reached *** piety under Jiyva
  1751 | D:3      | Reached XP level 5. HP: 37/37 MP: 9/12
  2356 | D:4      | Noticed Eustachio
  2381 | D:4      | Killed Eustachio
  2382 | D:4      | Reached skill level 5 in Dodging
  2382 | D:4      | Reached XP level 6. HP: 33/44 MP: 14/14
  2434 | D:4      | Found Beud's Distillery.
  2500 | D:4      | Reached XP level 7. HP: 50/50 MP: 13/15
  2509 | D:4      | Noticed Edmund
  2552 | D:5      | Entered Level 5 of the Dungeon
  2594 | D:5      | Reached skill level 5 in Stealth
  2612 | D:5      | Found a snail-covered altar of Cheibriados.
  2615 | D:5      | Found an ancient bone altar of Kikubaaqudgha.
  2638 | D:5      | Reached **** piety under Jiyva
  2690 | D:5      | Identified the +1 leather armour "Natituadd" {Harm rC+
                  | Will+ MP+9}
  2712 | D:5      | Found a glowing drain.
  2725 | Sewer    | Entered a sewer
  2757 | Sewer    | Learned a level 4 spell: Iskenderun's Mystic Blast
  2867 | Sewer    | Learned a level 4 spell: Fulminant Prism
  3162 | D:4      | Noticed Sigmund
  3168 | D:4      | Killed Sigmund
  3169 | D:4      | Reached XP level 8. HP: 40/58 MP: 17/17
  3214 | D:4      | Killed Edmund
  3241 | D:4      | Bought a potion of curing for 42 gold pieces
  3241 | D:4      | Bought a potion of heal wounds for 70 gold pieces
  3241 | D:4      | Bought a potion of might for 56 gold pieces
  3280 | D:4      | Gained mutation: Your rubbery body absorbs attacks. (AC +1,
                  | EV +1) [Jiyva's grace]
  3280 | D:4      | Gained mutation: Your pliable body absorbs attacks. (AC +2,
                  | EV +2) [Jiyva's grace]
  3280 | D:4      | Gained mutation: Your gelatinous body deflects attacks. (AC
                  | +3, EV +3) [Jiyva's grace]
  3280 | D:4      | Gained mutation: Your melee attacks may engulf your foes in
                  | ooze. [Jiyva's grace]
  3553 | D:5      | Found a staircase to the Ecumenical Temple.
  3619 | D:5      | Found a broken altar of Ashenzari.
  3705 | D:5      | Identified the +0 robe "Gyschaif" {rPois Int+3 Archmagi}
  3890 | D:6      | Found an ornate altar of the Wu Jian Council.
  4149 | D:6      | Reached XP level 9. HP: 65/65 MP: 18/18
  4159 | D:6      | Noticed Maggie
  4174 | D:6      | Killed Maggie
  4224 | D:6      | Reached skill level 5 in Invocations
  4388 | D:6      | Noticed a two-headed ogre
  4395 | D:6      | Killed a two-headed ogre
  4396 | D:6      | Reached skill level 5 in Fighting
  4396 | D:6      | Reached skill level 5 in Short Blades
  4396 | D:6      | Reached skill level 5 in Long Blades
  4396 | D:6      | Reached skill level 5 in Axes
  4396 | D:6      | Reached skill level 5 in Maces & Flails
  4396 | D:6      | Reached skill level 5 in Polearms
  4396 | D:6      | Reached skill level 5 in Staves
  4396 | D:6      | Reached skill level 5 in Ranged Weapons
  4396 | D:6      | Reached skill level 5 in Throwing
  4396 | D:6      | Reached skill level 5 in Armour
  4396 | D:6      | Reached skill level 5 in Shields
  4396 | D:6      | Reached skill level 5 in Unarmed Combat
  4396 | D:6      | Reached skill level 5 in Evocations
  4396 | D:6      | Reached XP level 10. HP: 56/74 MP: 20/20
  4646 | D:6      | Found the +6 shillelagh "Devastator" {shatter}
  4808 | D:6      | Found a sparkling altar of Nemelex Xobeh.
  4872 | D:6      | Found a shimmering blue altar of Sif Muna.
  4992 | D:6      | Found a hazy altar of Hepliaklqana.
  5229 | D:7      | Found a glowing golden altar of the Shining One.
  5259 | D:7      | Found a runed translucent gate.
  5259 | D:7      | Found a runed translucent gate.
  5259 | D:7      | Found a runed translucent gate.
  5260 | D:7      | Noticed mkat's ghost (novice DrGl)
  5281 | D:7      | Found a flagged portal.
  5293 | Bailey   | Entered a bailey
  5405 | Bailey   | Learned a level 5 spell: Fireball
  5465 | Bailey   | Found a burning altar of Makhleb.
  5708 | D:7      | Noticed Menkaure
  5722 | D:7      | Killed Menkaure
  6431 | D:8      | Reached skill level 5 in Hexes
  6431 | D:8      | Reached skill level 5 in Summonings
  6431 | D:8      | Reached skill level 5 in Necromancy
  6431 | D:8      | Reached skill level 5 in Translocations
  6431 | D:8      | Reached skill level 5 in Transmutations
  6431 | D:8      | Reached skill level 5 in Fire Magic
  6431 | D:8      | Reached skill level 5 in Ice Magic
  6431 | D:8      | Reached skill level 5 in Air Magic
  6431 | D:8      | Reached skill level 5 in Earth Magic
  6431 | D:8      | Reached skill level 5 in Poison Magic
  6438 | D:8      | Reached XP level 11. HP: 70/81 MP: 22/22
  6465 | D:8      | Killed a cyclops
  6562 | D:8      | Found a radiant altar of Vehumet.
  6654 | D:8      | Gained mutation: You have acidic saliva. [Jiyva's grace]
  6654 | D:8      | Gained mutation: You have a pair of small horns on your
                  | head. [Jiyva's grace]
  6654 | D:8      | Gained mutation: You have a pair of horns on your head.
                  | [Jiyva's grace]
  6654 | D:8      | Gained mutation: You have a pair of large horns on your
                  | head. [Jiyva's grace]
  6954 | D:8      | Found a staircase to the Lair.
  6965 | D:8      | Reached ***** piety under Jiyva
  7056 | Lair:1   | Entered Level 1 of the Lair of Beasts
  7093 | Lair:1   | You fall into a shaft and drop 1 floor!
  7093 | Lair:2   | Noticed an eight-headed hydra
  7146 | Lair:2   | Killed a five-headed hydra
  7352 | Lair:2   | Noticed an eight-headed hydra
  7362 | Lair:2   | Killed an eight-headed hydra
  7400 | Lair:2   | Reached XP level 12. HP: 89/91 MP: 24/24
  7730 | Lair:1   | Found a transporter.
  7732 | Lair:1   | Found a transporter.
  7733 | Lair:1   | Noticed a boulder beetle
  7766 | Lair:1   | Killed a boulder beetle
  8312 | D:9      | Identified the +0 leather armour "Xiptorgh" {+Inv}
  8432 | D:9      | You fall into a shaft and drop 2 floors!
  8481 | D:10     | Entered Level 10 of the Dungeon
  8481 | D:10     | Lost mutation: You have a pair of large horns on your head.
                  | [Jiyva's grace]
  8481 | D:10     | Lost mutation: You have acidic saliva. [Jiyva's grace]
  8481 | D:10     | Lost mutation: Your gelatinous body deflects attacks. (AC
                  | +3, EV +3) [Jiyva's grace]
  8481 | D:10     | Gained mutation: Your body has grown eyes which may confuse
                  | attackers. (Acc +3) [Jiyva's grace]
  8481 | D:10     | Gained mutation: Your body has grown many eyes which may
                  | confuse attackers. (Acc +5) [Jiyva's grace]
  8481 | D:10     | Gained mutation: Your body is covered in eyes which may
                  | confuse attackers. (Acc +7, SInv) [Jiyva's grace]
  8481 | D:10     | Gained mutation: Your flesh is heat resistant. (rF+)
                  | [Jiyva's grace]
  8686 | D:10     | Reached skill level 10 in Conjurations
  8686 | D:10     | Reached XP level 13. HP: 98/98 MP: 26/26
  9560 | D:10     | Found a white marble altar of Elyvilon.
 10166 | Lair:2   | Found a staircase to the Shoals.
 10434 | Lair:2   | Lost mutation: You have a pair of horns on your head.
                  | [Jiyva's grace]
 10434 | Lair:2   | Lost mutation: Your pliable body absorbs attacks. (AC +2,
                  | EV +2) [Jiyva's grace]
 10434 | Lair:2   | Gained mutation: You have large cloven feet. [Jiyva's
                  | grace]
 10434 | Lair:2   | Gained mutation: You have hoof-like feet. [Jiyva's grace]
 10434 | Lair:2   | Gained mutation: You have hooves in place of feet. [Jiyva's
                  | grace]
 10434 | Lair:2   | Gained mutation: Your muscles are strong. (Str +4, Int/Dex
                  | -1) [Jiyva's grace]
 10462 | Lair:2   | Reached skill level 10 in Spellcasting
 10754 | Lair:3   | Found a staircase to the Snake Pit.
 10809 | Lair:3   | Reached XP level 14. HP: 106/106 MP: 25/28
 10819 | Lair:3   | Reached skill level 10 in Dodging
 10977 | Lair:3   | Reached skill level 10 in Stealth
 11058 | Lair:3   | Reached skill level 10 in Invocations
 11986 | Lair:4   | Found a viscous altar of Jiyva.
 11986 | Lair:4   | Found a staircase to the Slime Pits.
 11992 | Slime:1  | Entered Level 1 of the Pits of Slime
 11992 | Slime:1  | Noticed an acid blob
 11994 | Slime:1  | Noticed a quicksilver ooze
 11998 | Slime:1  | Noticed an azure jelly
 12033 | Slime:1  | Noticed a rockslime
 12038 | Slime:1  | Noticed a rockslime
 12040 | Slime:1  | Noticed an azure jelly
 12044 | Slime:1  | Noticed a quicksilver ooze
 12045 | Slime:1  | Noticed a quicksilver ooze
 12047 | Slime:1  | Found a viscous altar of Jiyva.
 12047 | Slime:1  | Noticed a rockslime
 12051 | Slime:1  | Noticed a quicksilver ooze
 12053 | Slime:1  | Noticed an acid blob
 12053 | Slime:1  | Noticed an azure jelly
 12057 | Slime:1  | Noticed an azure jelly
 12084 | Slime:2  | Noticed a rockslime
 12124 | Slime:2  | Noticed an azure jelly
 12168 | Slime:3  | Noticed an acid blob
 12202 | Slime:3  | Noticed a rockslime
 12227 | Slime:3  | Noticed a rockslime
 12238 | Slime:3  | Noticed a rockslime
 12241 | Slime:3  | Noticed a rockslime
 12242 | Slime:3  | Noticed a rockslime
 12242 | Slime:3  | Noticed a rockslime
 12249 | Slime:3  | Noticed a rockslime
 12278 | Slime:3  | Noticed a rockslime
 12288 | Slime:3  | Noticed an acid blob
 12292 | Slime:3  | Noticed an azure jelly
 12316 | Slime:3  | Noticed an acid blob
 12444 | Slime:2  | Noticed an acid blob
 12638 | Slime:4  | Noticed an acid blob
 12664 | Slime:4  | Noticed an azure jelly
 12695 | Slime:4  | Noticed an azure jelly
 12742 | Slime:4  | Noticed an acid blob
 12755 | Slime:4  | Noticed an acid blob
 12765 | Slime:4  | Noticed an acid blob
 12882 | Slime:5  | Entered Level 5 of the Pits of Slime
 12917 | Slime:5  | Noticed an acid blob
 12933 | Slime:5  | Noticed a rockslime
 12941 | Slime:5  | Noticed an acid blob
 12941 | Slime:5  | Noticed a rockslime
 12967 | Slime:5  | Noticed the Royal Jelly
 12980 | Slime:5  | Noticed an acid blob
 12990 | Slime:5  | Noticed an acid blob
 13000 | Slime:5  | Noticed a rockslime
 13053 | Slime:5  | Noticed a rockslime
 13057 | Slime:5  | Found a viscous altar of Jiyva.
 13084 | Slime:5  | Noticed a quicksilver ooze
 13103 | Slime:5  | Noticed an acid blob
 13112 | Slime:5  | Noticed an acid blob
 13113 | Slime:5  | Noticed a quicksilver ooze
 13349 | Slime:1  | Noticed a quicksilver ooze
 13349 | Slime:1  | Noticed a rockslime
 13349 | Slime:1  | Noticed an acid blob
 13349 | Slime:1  | Noticed a rockslime
 13351 | Slime:1  | Noticed an azure jelly
 13352 | Slime:1  | Noticed an acid blob
 13556 | Lair:4   | Found a basalt altar of Yredelemnul.
 13601 | Lair:4   | Lost mutation: You have hooves in place of feet. [Jiyva's
                  | grace]
 13601 | Lair:4   | Lost mutation: Your muscles are strong. (Str +4, Int/Dex
                  | -1) [Jiyva's grace]
 13601 | Lair:4   | Gained mutation: You have a small jelly attached to you
                  | that senses nearby items. [Jiyva's grace]
 13601 | Lair:4   | Gained mutation: Armour fits poorly on your pseudopods.
                  | [Jiyva's grace]
 13601 | Lair:4   | Gained mutation: Armour fits poorly on your large
                  | pseudopods. [Jiyva's grace]
 13601 | Lair:4   | Gained mutation: Armour fits poorly on your massive
                  | pseudopods. [Jiyva's grace]
 14003 | Lair:5   | Entered Level 5 of the Lair of Beasts
 14004 | Lair:5   | Reached ****** piety under Jiyva
 14138 | Slime:5  | Noticed an azure jelly
 14149 | Slime:5  | Got a slimy rune of Zot
 14191 | Slime:5  | Got the Quarto of Atmospheric Transposition
 14316 | Lair:5   | Learned a level 5 spell: Irradiate
 14862 | Lair:5   | Reached XP level 15. HP: 73/115 MP: 14/30
 15071 | Lair:5   | Identified the +1 leather armour of the Marlin {Rampage
                  | Dex+2}
 15744 | D:11     | Lost mutation: You have hoof-like feet. [Jiyva's grace]
 15744 | D:11     | Gained mutation: You are covered in slimy tendrils that may
                  | disarm your opponents. [Jiyva's grace]
 15744 | D:11     | Gained mutation: You are agile. (Dex +4, Str/Int -1)
                  | [Jiyva's grace]
 15744 | D:11     | Gained mutation: You are very agile. (Dex +8, Str/Int -2)
                  | [Jiyva's grace]
 15744 | D:11     | Gained mutation: Your translucent skin slightly reduces
                  | your foes' accuracy. (Stealth+) [Jiyva's grace]
 15786 | D:11     | Reached skill level 10 in Fighting
 15786 | D:11     | Reached skill level 10 in Short Blades
 15786 | D:11     | Reached skill level 10 in Long Blades
 15786 | D:11     | Reached skill level 10 in Axes
 15786 | D:11     | Reached skill level 10 in Maces & Flails
 15786 | D:11     | Reached skill level 10 in Polearms
 15786 | D:11     | Reached skill level 10 in Staves
 15786 | D:11     | Reached skill level 10 in Ranged Weapons
 15786 | D:11     | Reached skill level 10 in Throwing
 15786 | D:11     | Reached skill level 10 in Armour
 15786 | D:11     | Reached skill level 10 in Shields
 15786 | D:11     | Reached skill level 10 in Unarmed Combat
 15786 | D:11     | Reached skill level 10 in Evocations
 16285 | D:12     | Found a staircase to the Orcish Mines.
 17018 | D:13     | Noticed Maurice
 17024 | D:13     | Killed Maurice
 17087 | D:13     | Found a shimmering altar of Xom.
 17102 | D:13     | Found an iron altar of Okawaru.
 17102 | D:13     | Found a sparkling altar of Nemelex Xobeh.
 17104 | D:13     | Found a shimmering blue altar of Sif Muna.
 17104 | D:13     | Found a glowing golden altar of the Shining One.
 17104 | D:13     | Found a stormy altar of Qazlal.
 17114 | D:13     | Noticed Nessos
 17123 | D:13     | Shot with an arrow by Nessos

Illustrated notes

Levels and vault maps discovered:
D:1:      erik_arrival_blinker_ship, layout_rooms, ebering_ecumenical_altar_hall
D:2:      layout_loops_corners, basic_altar, uniq_robin,
          uniq_crazy_yiuf_cottage, uniq_jessica
D:3:      layout_loops_ring, moated_statue, minmay_joined_circles
D:4:      layout_rooms, serial_shops, nicolae_shop_window_shopping,
          uniq_sigmund, uniq_eustachio, uniq_edmund
D:5:      layout_rooms, chequers_temple_overflow_statue_of_worship,
          minmay_temple_entry_junction, portal_sewer_entry_d
D:6:      lemuel_castle_with_subvaults [lemuel_castle_interior_carwin_1],
          layout_loops_ring, nicolae_overflow_hidden_temple,
          nicolae_overflow_crystal_walls, mainiacjoe_overflow_two_lobes,
          serial_park_tiny_2, st_stairs_10, corexii_corridor_pit,
          dilly_guarded_unrand_devastator, uniq_maggie
D:7:      minmay_recursive_quarters, layout_loops_ring,
          nicolae_tso_carved_into_rock, enter_bailey_3,
          ebering_ghost_rock_garden, uniq_menkaure
D:8:      layout_loops_cross, nicolae_vehumet_altar_sigil, lair_entry_dummy,
          minmay_three_doors
D:9:      layout_basic, minmay_fractal_squares_gapless_5
D:10:     layout_irregular_city, nicolae_elyvilon_temple_path
D:11:     layout_stronghold, portal_ice_cave_demonic_guard, lightli_wizard_tower
D:12:     layout_cave_pods, orc_0_dummy
D:13:     hangedman_cross_stitches, layout_cave_pods, doesnt_xom_only_xom,
          uniq_nessos, uniq_maurice
Lair:1:   gammafunk_boulding_lane, layout_small_grid,
          grunt_forest_large_clearings
Lair:2:   layout_loops_ring, elwin_shoals_entry_rocks, st_stairs_5
Lair:3:   layout_hall_layers, guppyfry_snake_entry_island, grunt_megastairs_3
Lair:4:   layout_cave_pods, dpeg_slime_entry_enclosed, basic_altar,
          gauntlet_entry_generic, ice2_lemuel, infiniplex_staircase_pool,
          grunt_megastairs_4
Lair:5:   grunt_lair_end_beastmaster, layout_misc_corridors
Slime:1:  layout_caves, special_room [special_room_jelly], basic_altar
Slime:2:  layout_caves
Slime:3:  layout_caves, nicolae_slime_welcoming_committee
Slime:4:  layout_caves, cheibrodos_slime_lost_civilization_6
Slime:5

Skill      XL: |  1  2  3  4  5  6  7  8  9 10 11 12 13 14 15 |
---------------+----------------------------------------------+-----
Spellcasting   | 5 6 7 8 9 10 11 | 11.3
Invocations    | 1 2 3 4 5 6 7 9 10 11 | 11.0
Fighting       | 1 2 3 4 5 6 7 8 9 10 | 10.1
Short Blades   | 1 2 3 4 5 6 7 8 9 10 | 10.1
Long Blades    | 1 2 3 4 5 6 7 8 9 10 | 10.1
Axes           | 1 2 3 4 5 6 7 8 9 10 | 10.1
Maces & Flails | 1 2 3 4 5 6 7 8 9 10 | 10.1
Polearms       | 1 2 3 4 5 6 7 8 9 10 | 10.1
Staves         | 1 2 3 4 5 6 7 8 9 10 | 10.1
Ranged Weapons | 1 2 3 4 5 6 7 8 9 10 | 10.1
Throwing       | 1 2 3 4 5 6 7 8 9 10 | 10.1
Armour         | 1 2 3 4 5 6 7 8 9 10 | 10.1
Shields        | 1 2 3 4 5 6 7 8 9 10 | 10.1
Unarmed Combat | 1 2 3 4 5 6 7 8 9 10 | 10.1
Evocations     | 1 2 3 4 5 6 7 8 9 10 | 10.1
Hexes          | 1 2 3 4 5 6 7 8 |  8.5
Summonings     | 1 2 3 4 5 6 7 8 |  8.5
Necromancy     | 1 2 3 4 5 6 7 8 |  8.5
Translocations | 1 2 3 4 5 6 7 8 |  8.5
Transmutations | 1 2 3 4 5 6 7 8 9 |  9.0
Fire Magic     | 1 2 3 4 5 6 7 8 |  8.5
Ice Magic      | 1 2 3 4 5 6 7 8 |  8.5
Air Magic      | 1 2 3 4 5 6 7 8 |  8.5
Earth Magic    | 1 2 3 4 5 6 7 8 |  8.5
Poison Magic   | 1 2 3 4 5 6 7 8 |  8.5
Dodging        | 5 6 7 8 9 10 11 | 11.1
Stealth        | 5 6 7 8 9 10 11 | 11.0
Conjurations   | 8 9 10 11 | 11.1

Action                   |  1- 3 |  4- 6 |  7- 9 | 10-12 | 13-15 || total
-------------------------+-------+-------+-------+-------+-------++-------
Melee: Dagger            |     6 |    45 |   151 |   232 |    20 ||   454
       Bite              |     1 |     4 |     5 |    49 |    32 ||    91
       Punch             |       |       |     2 |     4 |       ||     6
       Headbutt          |       |       |       |    52 |    56 ||   108
       Broad axe         |       |       |       |     3 |       ||     3
       Rapier            |       |       |       |   118 |   166 ||   284
       Kick              |       |       |       |       |    57 ||    57
       Pseudopods        |       |       |       |       |    21 ||    21
 Cast: Magic Dart        |    31 |    13 |    74 |    28 |     4 ||   150
       Searing Ray       |     9 |    16 |    38 |    25 |    30 ||   118
       Dazzling Flash    |       |     4 |     6 |     4 |     2 ||    16
       Fulminant Prism   |       |       |    11 |     2 |     6 ||    19
       Iskenderun's Myst |       |       |     1 |    47 |   135 ||   183
       Fireball          |       |       |       |     1 |    46 ||    47
Invok: Oozemancy         |       |       |     3 |     7 |     5 ||    15
Evoke: Wand              |       |       |       |     2 |     1 ||     3
  Use: Potion            |       |     1 |       |     1 |     4 ||     6
       Scroll            |       |       |     5 |    12 |     8 ||    25
 Stab: Sleeping          |     1 |     4 |     1 |     5 |    12 ||    23
       Invisible         |       |       |       |     3 |       ||     3
       Distracted        |       |       |       |     3 |       ||     3
       Paralysed         |       |       |       |     2 |       ||     2
       Confused          |       |       |       |       |     7 ||     7
       Petrified         |       |       |       |       |     1 ||     1
Armor: Robe              |     1 |    29 |    12 |       |       ||    42
       Leather armour    |       |       |    54 |    80 |    32 ||   166
       Ring mail         |       |       |       |       |    13 ||    13
Dodge: Dodged            |     6 |    76 |   140 |   236 |   139 ||   597
Block: Kite shield       |       |       |       |    77 |   135 ||   212
